[Event "MČR juniorů a juniorek v rapid šachu 2023"]
[Site "Czech Republic"]
[Date "2023.09.23"]
[Round "6.22"]
[White "Dvorak, Jan"]
[Black "Dudkova, Josefina"]
[Result "1-0"]
[TimeControl "20 min + 5 sec per move"]
[WhiteFideId "23730722"]
[BlackFideId "23712350"]
[WhiteElo "1624"]
[BlackElo "1437"]

1. e4 d5 2. exd5 Qxd5 3. Nc3 Qd6 4. d4 Nf6 5. g3 c6 6. Bg2 Bf5 7. Bf4 Qb4 8.
Qd2 e6 9. Rb1 Be7 10. Nge2 O-O 11. O-O Nbd7 12. Rfe1 Nd5 13. Nxd5 cxd5 14. c3 Qb5 15. Rbd1 Nb6 16. b3 a5 17.
Bf1 Qc6 18. Nc1 Rfc8 19. Re3 g5 20. Be5 f6 21. g4 Bxg4 22. f3 fxe5 23. fxg4 exd4 24. cxd4 Bd6 25. Rh3 Bf4 26. Qd3 Qc2 27.
Ne2 Qxd3 28. Rdxd3 Rc2 29. Nxf4 gxf4 30. Rdf3 Rf8 31. Bd3 Rc1+ 32. Kf2 Rf7 33. Rh6 Rc6 34. Rfh3 Rg7 35. Rxh7 Rxg4 36.
Rxb7 a4 37. b4 a3 38. Rb8+ Kg7 39. Rh7+ Kf6 40. Rf8+ Kg5 41. Rg7+ Kh5 42. Rh8# 1-0

[Event "MČR juniorů a juniorek v rapid šachu 2023"]
[Site "Czech Republic"]
[Date "2023.09.23"]
[Round "6.23"]
[White "Housa, Vojtech"]
[Black "Stara, Zuzana"]
[Result "1-0"]
[TimeControl "20 min + 5 sec per move"]
[WhiteFideId "23736364"]
[BlackFideId "23733543"]
[WhiteElo "1539"]
[BlackElo "1377"]

1. e4 c6 2. d4 d5 3.
exd5 cxd5 4. c4 Nf6 5. Nc3 Nc6 6.
Nf3 Bf5 7. Be2 e6 8. O-O dxc4 9. Bxc4 Bg4 10. d5 Ne5 11. Bb5+ Nfd7 12. Bxd7+ Nxd7 13. h3 Bxf3 14. Qxf3 Ne5 15.
Qe4 Bd6 16. dxe6 fxe6 17. Qxb7 O-O 18. Be3 Rb8 19. Qxa7 Rxb2 20. Ne4 Bb8 21. Qa6 Qc7 22. Qxe6+ Nf7 23. Ng3 Qb7 24. Qg4 Ne5 25.
Qe4 Qc7 26. Rfc1 Qd6 27. Bc5 Qf6 28. Rc2 Rxc2 29. Qxc2 Rc8 30. Qb3+ Nf7 31. Re1 h6 32. Be3 Bxg3 33. fxg3 Qe5 34.
Bf2 Qd6 35. Rd1 Qe7 36. Kh2 Re8 37. Re1 Qd8 38. Rxe8+ Qxe8 39. a4 Kh8 40. a5 Nd6 41. a6 Qa8 42. a7 Ne4 43. Qb8+ 1-0

[Event "MČR juniorů a juniorek v rapid šachu 2023"]
[Site "Czech Republic"]
[Date "2023.09.23"]
[Round "6.24"]
[White "Nikolinko, Tomas"]
[Black "Mikolas, Petr"]
[Result "0-1"]
[TimeControl "20 min + 5 sec per move"]
[WhiteFideId "389749"]
[BlackFideId "23713224"]
[WhiteElo "1327"]
[BlackElo "1514"]

1. e4 c5 2. Nf3 d6 3. Bb5+ Nd7 4. d4 a6 5. Bxd7+ Bxd7 6.
dxc5 dxc5 7. Nc3 Bc6 8. O-O Qxd1 9. Rxd1 Nf6 10. e5 Ne4 11. Be3 Nxc3 12. bxc3 e6 13. Rab1 Be7 14. Rd3 Be4 15. Rd2 Rd8 16. Rxd8+ Kxd8 17.
Rd1+ Kc7 18. Rd2 b5 19. Ng5 Bg6 20. Kf1 h6 21. Nh3 Rd8 22. Ke1 Be4 23. f3 Bd5 24. Nf4 Bxa2 25. Rxd8 Kxd8 26. Nd3 Kc7 27. Bxc5 Bxc5 28.
Nxc5 a5 29. Nb3 a4 30. Nc1 Bc4 31.
g3 a3 32. f4 a2 33. Nxa2 Bxa2 34. Kd2 Kc6 35. Kd3 Bc4+ 36. Kd4 h5 37. h3 Bf1 38. h4 Bh3 39. c4 b4 40. c5 Bf1 0-1

[Event "MČR juniorů a juniorek v rapid šachu 2023"]
[Site "Czech Republic"]
[Date "2023.09.23"]
[Round "6.25"]
[White "Glasbergerova, Lucie"]
[Black "Havelkova, Beata"]
[Result "0-1"]
[TimeControl "20 min + 5 sec per move"]
[WhiteFideId "23725184"]
[BlackFideId "23709405"]
[WhiteElo "1314"]
[BlackElo "1494"]

1. e4 c5 2. Nf3 e6 3. d4 cxd4 4. Nxd4 a6 5. Nc3 Qc7 6. Be3 Bb4 7. Bd2 Nf6 8.
Bd3 Bd6 9. Qe2 b5 10. Rc1 Bb7 11. O-O Bxh2+ 12. Kh1 h5 13. Nf3 Bf4 14. Bxf4 Qxf4 15. g3 Qg4 16. Nh4 Qh3+ 17. Kg1 Ng4 18.
f3 Qxg3+ 19. Qg2 Qxh4 20. fxg4 hxg4 21. Rf4 f5 22. Rcf1 g5 23. R4f2 f4 24. Qh2 e5 25. Rg2 g3 26. Qxh4 gxh4 27. Rd1 h3 28. Rgd2 f3 29. Bf1 g2 30. Bxg2 0-1

[Event "MČR juniorů a juniorek v rapid šachu 2023"]
[Site "Czech Republic"]
[Date "2023.09.23"]
[Round "6.26"]
[White "Boff, Ondrej"]
[Black "Jun, Rostislav"]
[Result "1-0"]
[TimeControl "20 min + 5 sec per move"]
[WhiteFideId "23733950"]
[BlackFideId "23719524"]
[WhiteElo "1486"]
[BlackElo "1317"]

1. e4 c5 2. Nf3 Nc6 3. Bb5 e6 4. Bxc6 bxc6 5. e5 Bb7 6. O-O d6 7. exd6 Bxd6 8. d3 Nf6 9. Nc3 O-O 10.
Bg5 Be7 11. Qd2 Qd7 12. Rad1 Rad8 13. Ne5 Qc8 14. Rfe1 Rfe8 15. Qe2 Nd5 16. Bxe7 Nxc3 17. bxc3 Rxe7 18. Qe3 Ree8 19. Qxc5 Rd5 20. Qe3 Qa8 21.
Qf4 Re7 22. Rb1 Rb5 23. a4 Rb6 24. Nc4 Rxb1 25. Rxb1 c5 26. f3 f6 27. Nd6 e5 28. Qc4+ Kf8 29. Qb5 Bc6 30. Qxc5 Bxa4 31.
Nc8 1-0

[Event "MČR juniorů a juniorek v rapid šachu 2023"]
[Site "Czech Republic"]
[Date "2023.09.23"]
[Round "6.27"]
[White "Cinkova, Vicky"]
[Black "Hruby, Filip"]
[Result "0-1"]
[TimeControl "20 min + 5 sec per move"]
[WhiteFideId "23725826"]
[BlackFideId "23721480"]
[WhiteElo "1300"]
[BlackElo "1460"]

1. c4 e5 2. b3 Nc6 3. Bb2 Bc5 4. e3 Qe7 5. Ne2 Nf6 6. g3 d5 7. cxd5 Nxd5 8. a3 Bg4 9. Bg2 O-O-O 10. b4 Bb6 11. O-O h5 12.
h3 Be6 13. b5 Nb8 14. Bxe5 f6 15. Bb2 Qd7 16. d4 Bxh3 17. a4 Bxg2 18. Kxg2 Ba5 19. Nbc3 Bxc3 20. Nxc3 h4 21. Qf3 hxg3 22.
Qxg3 Rh5 23. f4 Rdh8 24. Rh1 Rxh1 25. Rxh1 Rxh1 26. Kxh1 Nxc3 27. Bxc3 c6 28. Be1 cxb5 29. axb5 Qxb5 30.
Qg4+ Qd7 31. Qg2 Qc6 32. Qxc6+ Nxc6 33. Kg2 f5 34. Kf2 Kd7 35. Ke2 Kd6 36. Kd3 Kd5 37. Bd2 a6 38. Bc3 b5 39.
Bd2 b4 40. Be1 a5 41. Bd2 a4 42. Bc1 a3 43. Kc2 Na5 44. Bd2 b3+ 45. Kb1 Nc4 46. Bb4 Ke4 47. Bxa3 Nxa3+ 48. Kb2 Kxe3 49.
d5 Nb5 50. Kxb3 Kd4 51. Kc2 Kxd5 52. Kd2 Ke4 53. Ke2 Kxf4 54. Kf2 g5 55. Kg2 g4 56. Kf2 Nd4 57. Kg2 g3 58. Kf1 Kf3 59. Kg1 g2 60. Kh2 Kf2 0-1

[Event "MČR juniorů a juniorek v rapid šachu 2023"]
[Site "Czech Republic"]
[Date "2023.09.23"]
[Round "6.28"]
[White "Jun, Robert"]
[Black "Beran, Jakub"]
[Result "1-0"]
[TimeControl "20 min + 5 sec per move"]
[WhiteFideId "23709510"]
[BlackFideId "23727071"]
[WhiteElo "1340"]
[BlackElo "1645"]

1. e4 e5 2. Nf3 Nc6 3. Bb5 d6 4. O-O Nf6 5. d4 exd4 6. Nxd4 Bd7 7. Nc3 Be7 8. Nxc6 Bxc6 9. Bxc6+ bxc6 10. Bg5 O-O 11. Re1 h6 12. Bh4 Nd7 13. Bg3 Bf6 14. Qf3 Rb8 15. b3 Re8 16. Rad1 Ne5 17. Bxe5 Rxe5 18. Ne2 Qe7 19. Ng3 Re8 20.
Qg4 Rg5 21. Qf3 g6 22. Qd3 Re5 23. Qa6 Bh4 24. Qxa7 Bxg3 25. hxg3 Rxe4 26. Rxe4 Qxe4 27. Qxc7 Qxc2 28. Qxd6 Ra8 29. Rd2 Qc1+ 30. Kh2 Re8 31.
Qf4 h5 32. Re2 1-0

[Event "MČR juniorů a juniorek v rapid šachu 2023"]
[Site "Czech Republic"]
[Date "2023.09.23"]
[Round "6.29"]
[White "Tvaroh, Vitezslav"]
[Black "Halama, Tomas"]
[Result "1/2-1/2"]
[TimeControl "20 min + 5 sec per move"]
[WhiteFideId "23704209"]
[BlackFideId "397970"]
[WhiteElo "1303"]
[BlackElo "1306"]

1. e4 c5 2. Nf3 Nc6 3. d4 cxd4 4. Nxd4 d6 5. Nc3 Bd7 6. Be3 Nf6 7. Be2 e6 8. Qd2 Be7 9. Nxc6 Bxc6 10. f3 O-O 11.
g4 d5 12. e5 Nd7 13. Bf4 Bh4+ 14.
Kf1 g5 15. Bg3 Bxg3 16. hxg3 Nxe5 17. Kg2 f6 18. Qd4 Ng6 19. Bd3 Qe8 20. Rh2 e5 21. Qb4 Kg7 1/2-1/2

[Event "MČR juniorů a juniorek v rapid šachu 2023"]
[Site "Czech Republic"]
[Date "2023.09.23"]
[Round "6.30"]
[White "Pistej, Tomas"]
[Black "Macova, Marketa"]
[Result "1-0"]
[TimeControl "20 min + 5 sec per move"]
[WhiteFideId "23750740"]
[BlackFideId "23715588"]
[WhiteElo "1640"]
[BlackElo "1228"]

1. e4 e5 2. Nc3 Nc6 3. Bc4 Bc5 4. Qg4 g6 5. Qf3 Qf6 6. Nd5 Qxf3 7. Nxf3 Bd6 8. O-O Na5 9. Ne3 Bc5 10.
Nxe5 Bxe3 11. Bxf7+ Ke7 12. fxe3 Nf6 13. Bxg6 hxg6 14. Nxg6+ Kf7 15. Nxh8+ Kg7 16. e5 Nd5 17. e4 Nb4 18.
Nf7 Nxc2 19. Rb1 b6 20. d3 Nb4 21. Rf3 Nxd3 22. Rxd3 Kxf7 23. Bd2 Nc4 24. Bc3 Ke6 25. b3 Nxe5 26.
Bxe5 Kxe5 27. Re1 d6 28. Rd5+ Ke6 29. Rg5 Kf6 30. Rg8 Bb7 31. Rxa8 Bxa8 32. Kf2 Ke5 33. h4 Bxe4 34. h5 Kf4 35.
Rxe4+ Kxe4 36. h6 Kf5 37. h7 Kg6 38. h8=Q 1-0

[Event "MČR juniorů a juniorek v rapid šachu 2023"]
[Site "Czech Republic"]
[Date "2023.09.23"]
[Round "6.32"]
[White "Zadrapova, Gabriela"]
[Black "Krajicek, Matthew"]
[Result "0-1"]
[TimeControl "20 min + 5 sec per move"]
[WhiteFideId "23753056"]
[BlackFideId "23740175"]
[WhiteElo "1206"]
[BlackElo "1283"]

1. e4 d5 2. exd5 Qxd5 3. Nc3 Qa5 4. d4 Bf5 5. Nf3 Nd7 6. Bf4 c6 7. Be2 e6 8. O-O Ngf6 9. Nh4 Bg6 10.
Nxg6 hxg6 11. Bd2 Qc7 12. Re1 Qxh2+ 13. Kf1 Qh1# 0-1

[Event "MČR juniorů a juniorek v rapid šachu 2023"]
[Site "Czech Republic"]
[Date "2023.09.24"]
[Round "7.1"]
[White "Ocelak, Jakub"]
[Black "Bezdek, Tomas"]
[Result "1-0"]
[TimeControl "20 min + 5 sec per move"]
[WhiteFideId "23707933"]
[BlackFideId "23733551"]
[WhiteElo "2025"]
[BlackElo "1933"]

1. Nf3 d5 2. d4 g6 3. c4 c6 4. cxd5 cxd5 5. Nc3 Bg7 6. Bf4 Nc6 7. e3 Nf6 8. Bb5 O-O 9. O-O Bg4 10.
h3 Bxf3 11. Qxf3 a6 12. Bxc6 bxc6 13. Rfc1 Qa5 14. a3 Qb6 15. Qe2 Nd7 16. Rc2 e5 17. dxe5 Nxe5 18. Bxe5 Bxe5 19. Na4 Qb5 20. Qxb5 cxb5 21. Nc5 Rfc8 22.
Rac1 d4 23. Nd3 Rxc2 24. Rxc2 Bg7 25. e4 Re8 26. f3 Re6 27. Rc8+ Bf8 28. Nf4 Rd6 29. Kf2 Kg7 30. Ke2 Rb6 31. Nd5 Rb7 32. Kd3 b4 33. a4 f5 34. Kxd4 fxe4 35. fxe4 Rf7 36. Rc7 1-0

[Event "MČR juniorů a juniorek v rapid šachu 2023"]
[Site "Czech Republic"]
[Date "2023.09.24"]
[Round "7.2"]
[White "Hurtik, Matej"]
[Black "Hlavina, Matous"]
[Result "1-0"]
[TimeControl "20 min + 5 sec per move"]
[WhiteFideId "397997"]
[BlackFideId "386650"]
[WhiteElo "1930"]
[BlackElo "2005"]

1. e4 Nf6 2. e5 Nd5 3. c4 Nb6 4. d4 d6 5. exd6 cxd6 6. Nc3 g6 7. Be3 Bg7 8. Rc1 Nc6 9. h3 O-O 10. Nf3 Bf5 11. Be2 Re8 12.
O-O Rb8 13. b3 d5 14. c5 Nc8 15. Bf4 Ra8 16. Nb5 f6 17. Nc7 e5 18. Nxe8 Qxe8 19. dxe5 fxe5 20. Bg3 N8e7 21. Re1 a6 22.
Bh4 Rd8 23. a3 e4 24. Nd2 Bb2 25. Ra1 a5 26. Bb5 Qf7 27. Ra2 Bd4 28. b4 axb4 29. axb4 Nxb4 30. Ra4 Bxc5 31. Nxe4 Bxe4 32. Rxe4 dxe4 33. Qxd8+ Kg7 34. Rxb4 Nf5 35. Bc4 Qf8 36. Rxb7+ 1-0

[Event "MČR juniorů a juniorek v rapid šachu 2023"]
[Site "Czech Republic"]
[Date "2023.09.24"]
[Round "7.3"]
[White "Dolensky, Filip"]
[Black "Pressler, Tobias"]
[Result "1/2-1/2"]
[TimeControl "20 min + 5 sec per move"]
[WhiteFideId "399000"]
[BlackFideId "23715359"]
[WhiteElo "1942"]
[BlackElo "1859"]

1. Nf3 d5 2. c4 e6 3. d4 Nf6 4. Nc3 Be7 5. e3 O-O 6. Qc2 c6 7. Bd2 Nbd7 8. Bd3 Re8 9. O-O dxc4 10.
Bxc4 Bd6 11. Rad1 e5 12. h3 h6 13.
Bc1 Qe7 14. a4 e4 15. Nd2 Nb6 16. b3 Bc7 17. f4 h5 18. Be2 Bf5 19. a5 Nbd5 20. Nc4 Nxc3 21. Qxc3 Nd5 22. Qd2 Qh4 23.
Qe1 Qxe1 24. Rdxe1 h4 25. Bd2 b5 26. axb6 axb6 27. Ra1 c5 28. dxc5 bxc5 29. Nb2 Nb4 30. Rxa8 Rxa8 31. Na4 Bd6 32.
Rc1 Nd3 33. Rc2 Bd7 34. Bxd3 exd3 35. Rc3 Bb5 36. Kf2 Bxa4 37. bxa4 Rxa4 38. Rxd3 Be7 39. Rc3 Ra2 40. Ke2 Kf8 41.
Rc4 Ke8 42. e4 Kd7 43. Kd3 Kc6 44.
Rc2 Ra3+ 45. Rc3 Ra2 46.
Rc2 Ra3+ 47. Rc3 Ra8 48. Be3 Rd8+ 49.
Ke2 Rb8 50. Kd3 1/2-1/2

[Event "MČR juniorů a juniorek v rapid šachu 2023"]
[Site "Czech Republic"]
[Date "2023.09.24"]
[Round "7.4"]
[White "Stejskal, Michal"]
[Black "Prazak, Daniel"]
[Result "0-1"]
[TimeControl "20 min + 5 sec per move"]
[WhiteFideId "398195"]
[BlackFideId "23709456"]
[WhiteElo "1959"]
[BlackElo "2029"]

1. e4 e5 2. Nf3 Nc6 3. Bc4 Bc5 4. d4 exd4 5. O-O d6 6. Bf4 Nf6 7. Nbd2 O-O 8. Re1 Bb6 9. Nb3 Bg4 10.
a4 a6 11. a5 Ba7 12. Bd5 Nxd5 13. exd5 Ne7 14. c4 dxc3 15. bxc3 Ng6 16. Bg3 Qf6 17. Qd3 Bxf3 18. gxf3 h5 19. h3 Nf4 20. Bxf4 Qxf4 21. Kg2 Qg5+ 22.
Kf1 Qh4 23. Nd4 Bxd4 24. cxd4 Qxh3+ 25. Ke2 Rfe8+ 26. Kd2 Qg2 27. Rf1 Qg5+ 28. Kc3 Qxd5 29. Rh1 c5 30. dxc5 Qxc5+ 31. Qc4 Qxf2 32. Kb4 Rac8 33. Qd5 Qb2+ 34. Ka4 Qc2+ 35. Kb4 Qc3+ 36.
Ka4 Rc4+ 0-1

[Event "MČR juniorů a juniorek v rapid šachu 2023"]
[Site "Czech Republic"]
[Date "2023.09.24"]
[Round "7.5"]
[White "Cibulka, Josef"]
[Black "Steinbauer, Sebastian"]
[Result "1-0"]
[TimeControl "20 min + 5 sec per move"]
[WhiteFideId "23708042"]
[BlackFideId "399272"]
[WhiteElo "1922"]
[BlackElo "1880"]

1. e4 e5 2. Nf3 Nf6 3.
d3 Nc6 4. g3 Bc5 5. Bg2 d6 6. O-O Bg4 7. Nbd2 Qd7 8. c3 a6 9. b4 Bb6 10. Nc4 Ba7 11. Be3 Bxe3 12. Nxe3 Bh3 13.
Re1 Bxg2 14. Kxg2 Ne7 15. Qc2 O-O 16. a4 b5 17. axb5 axb5 18. Ra2 Rxa2 19. Qxa2 Qc6 20. Qb3 h6 21.
Ra1 Ra8 22. Rxa8+ Qxa8 23. c4 bxc4 24. Qxc4 Qb7 25. b5 Nd7 26. Nd5 Nxd5 27. exd5 Nb6 28. Qc6 Qxc6 29. dxc6 Kf8 30. Nd2 d5 31.
Kf3 Ke7 32. Ke3 Kd6 33. d4 f6 34.
f3 g6 35. Kd3 Nc8 36. Nb1 Ne7 37. g4 g5 38. Nc3 Ng6 39. Ne2 Nh4 40. Ke3 Ng6 41. Ng3 Nh4 42. Nh5 exd4+ 43. Kxd4 Nxf3+ 44. Ke3 Ne5 45. Nxf6 Kc5 46. Nd7+ Kd6 47. Nxe5 Kxe5 48. b6 1-0

[Event "MČR juniorů a juniorek v rapid šachu 2023"]
[Site "Czech Republic"]
[Date "2023.09.24"]
[Round "7.6"]
[White "Rybackova, Lucie"]
[Black "Jun, Rudolf"]
[Result "0-1"]
[TimeControl "20 min + 5 sec per move"]
[WhiteFideId "23739207"]
[BlackFideId "376612"]
[WhiteElo "1768"]
[BlackElo "2151"]

1. Nf3 Nf6 2. g3 b6 3. Bg2 Bb7 4. O-O g6 5. c4 c5 6. Nc3 Bg7 7. d4 cxd4 8. Nxd4 Bxg2 9. Kxg2 Qc7 10.
b3 O-O 11. Qd3 a6 12. e4 Nc6 13. f3 Nxd4 14. Qxd4 Nxe4 15. Qxe4 Bxc3 16. Bh6 Bxa1 17. Bxf8 Rxf8 18. Rxa1 e6 19.
Rd1 d6 20. Qf4 Rd8 21. h4 Qe7 22. h5 b5 23. cxb5 axb5 24. Qb4 e5 25. Qxb5 e4 26. Qe2 e3 27. Rd3 Re8 28. hxg6 hxg6 29. a4 Qe5 30. Rd1 d5 31. Qd3 Qb2+ 32. Kh3 d4 33.
a5 e2 34. Re1 Re3 35. Qb5 Qd2 36. Qb8+ Kg7 37. Qd6 Re6 38. Qf4 Qxe1 39. Qxd4+ Kf8 40. Qd8+ Re8 41. Qd6+ Kg8 42. a6 Qh1+ 43. Kg4 Qh5+ 0-1

[Event "MČR juniorů a juniorek v rapid šachu 2023"]
[Site "Czech Republic"]
[Date "2023.09.24"]
[Round "7.7"]
[White "Dobsa, Emma"]
[Black "Slaby, Matej"]
[Result "0-1"]
[TimeControl "20 min + 5 sec per move"]
[WhiteFideId "23709391"]
[BlackFideId "23734876"]
[WhiteElo "1480"]
[BlackElo "1922"]

1. e4 d5 2. Nf3 dxe4 3. Ne5 Nf6 4. Bc4 e6 5. d4 exd3 6.
Nxd3 Be7 7. Nc3 O-O 8. Bf4 a6 9. O-O Nc6 10. Re1 b5 11. Bb3 Bb7 12. a3 Nd4 13. Ba2 c5 14. Ne2 Nxe2+ 15. Qxe2 Qb6 16. Be3 Qc6 17.
f3 c4 18. Ne5 Qc7 19. Bf4 Bd6 20. Rad1 Nd5 21. Bg3 c3 22. b4 Rfd8 23. Rd4 a5 24. Bxd5 Bxd5 25. Qxb5 axb4 26. axb4 Ra2 27. Qd3 Qb7 28. Rb1 Rb2 29.
Rd1 Rxb4 30. Qxc3 Rc8 31. Rxb4 Bxb4 32. Qd3 Rc3 33. Qe2 Qc8 34. Nd3 Rxc2 35. Qe5 Bc3 36. Qf4 Bf6 37. Rb1 Qd8 38. Rb8 Rc8 39. Rb1 Ba2 40. Rd1 Bb3 41. Rc1 Rxc1+ 42. Nxc1 Qd1+ 43. Kf2 Bd4+ 0-1

[Event "MČR juniorů a juniorek v rapid šachu 2023"]
[Site "Czech Republic"]
[Date "2023.09.24"]
[Round "7.8"]
[White "Zadrapa, Jakub"]
[Black "Sulc, Jakub"]
[Result "0-1"]
[TimeControl "20 min + 5 sec per move"]
[WhiteFideId "23714778"]
[BlackFideId "394050"]
[WhiteElo "1696"]
[BlackElo "1920"]

1. e4 e6 2. d4 d5 3. Nd2 Nf6 4. e5 Nfd7 5. Bd3 c5 6. c3 Nc6 7. Ne2 cxd4 8. cxd4 f6 9. Nf4 Nxd4 10. Qh5+ Ke7 11. Ng6+ hxg6 12. exf6+ Nxf6 13. Qxh8 Kf7 14. O-O e5 15. Nb3 Nxb3 16. axb3 e4 17. Be2 Be6 18. Bg5 Qb6 19. Bxf6 gxf6 20. Rac1 Rd8 21. Qh4 Kg7 22. Qg3 Bc5 23.
b4 Bxb4 24. Rc7+ Rd7 25. Rxd7+ Bxd7 26. Rc1 Bc5 27. Qc3 Bxf2+ 28. Kh1 Be3 29. Rc2 Bf4 30. Qc5 Qxc5 31. Rxc5 Be6 32. g3 Be3 33. Rc7+ Kh6 34. Rxb7 d4 35. Bd1 f5 36. Rxa7 d3 37. Ra6 Bg8 38. b4 Bc4 39. Ra1 Bd4 40. Rb1 Bb5 41.
Kg2 e3 42. Kf3 Bc6+ 43. Kf4 Be4 44. b5 g5# 0-1

[Event "MČR juniorů a juniorek v rapid šachu 2023"]
[Site "Czech Republic"]
[Date "2023.09.24"]
[Round "7.9"]
[White "Vilimek, Vit"]
[Black "Rybacek, Martin"]
[Result "1-0"]
[TimeControl "20 min + 5 sec per move"]
[WhiteFideId "23718218"]
[BlackFideId "23739266"]
[WhiteElo "1898"]
[BlackElo "1755"]

1. e4 c6 2. d3 d5 3. Nd2 e5 4. g3 Nf6 5. Bg2 Bd6
6. b3 O-O 7. Bb2 Bg4 8.
Ngf3 Nbd7 9. O-O Qc7 10. h3 Be6 11. Qe2 Rfe8 12. Rae1 d4 13. Nh4 g6 14. Bc1 a5 15. Nc4 Bb4 16.
Bd2 b5 17. Nb2 Ba3 18. Nd1 a4 19. f4 axb3 20. axb3 Nh5 21. Qf3 exf4 22. gxf4 Be7 23. Nf5 Bxf5 24. exf5 Bh4 25. Rxe8+ Rxe8 26. Qxc6 Qd8 27. fxg6 hxg6 28. Nf2 Ng3 29.
Ne4 Nxf1 30. Kxf1 Nf6 31. Be1 Nxe4 32. Bxh4 Nd2+ 33. Kg1 Qb8 34. Bd5 Kh7 1-0

[Event "MČR juniorů a juniorek v rapid šachu 2023"]
[Site "Czech Republic"]
[Date "2023.09.24"]
[Round "7.10"]
[White "Nagy, Ladislav"]
[Black "Strnadova, Monika"]
[Result "1/2-1/2"]
[TimeControl "20 min + 5 sec per move"]
[WhiteFideId "374300"]
[BlackFideId "23701668"]
[WhiteElo "2089"]
[BlackElo "1728"]

1. e4 c5 2. Nf3 Nc6 3. d4 cxd4 4. Nxd4 g6 5. c4 Bg7 6. Be3 Nf6 7. Nc3 Ng4 8. Qxg4 Nxd4 9. Qd1 e5 10. Bd3 O-O 11. O-O d6 12.
Rc1 f5 13. exf5 Bxf5 14. Bxf5 Rxf5 15. Bxd4 exd4 16. Nd5 Kh8 17. Qd3 Rc8 18. Rce1 Re5 19. f4 Re8 20. Rxe8+ Qxe8 21. b3 Qe6 22.
f5 gxf5 23. Qxf5 Qxf5 24. Rxf5 Re8 25. Rf3 Re2 26. a4 Be5 27. Rd3 Kg7 28. g3 Rc2 29. Nb4 Rc3 30. Rxc3 dxc3 31. Kf2 Kg6 32. Ke3 Kf5 33. Nd3 Kg4 34.
Nf2+ Kf5 35. Kd3 h5 36.
b4 h4 37. gxh4 Bxh2 38. Nd1 Kg4 39.
Nxc3 Kxh4 40. Ke4 Kg5 41. Kd5 Kf6 42.
Nb5 a5 43. bxa5 Ke7 44. Nc7 Kd7 45. a6 bxa6 46. Nxa6 Kc8 47. Kc6 Be5 48. Nb4 Kb8 49.
Nd3 Bh2 50. Nf2 Ka7 51. Ne4 Ka6 52. Nxd6 Ka5 53. c5 Bg1 54. Kd5 Bxc5 55. Kxc5 Kxa4 1/2-1/2

[Event "MČR juniorů a juniorek v rapid šachu 2023"]
[Site "Czech Republic"]
[Date "2023.09.24"]
[Round "7.11"]
[White "Simunek, Jakub Simon"]
[Black "Novotny, Dominik"]
[Result "1-0"]
[TimeControl "20 min + 5 sec per move"]
[WhiteFideId "23709464"]
[BlackFideId "23755601"]
[WhiteElo "1843"]
[BlackElo "1707"]

1. e4 c6 2. d4 d5 3. exd5 cxd5 4. Bd3 Nc6 5.
c3 Nf6 6. h3 e5 7. dxe5 Nxe5 8.
Nf3 Nxd3+ 9. Qxd3 Be7 10. O-O O-O 11. Be3 Re8 12. Nbd2 b6 13. Bd4 h6 14. Rfe1 Bb7 15. Ne5 Rc8 16.
Ndf3 Ne4 17. Qe3 Bc5 18. Qf4 Qf6 19. Qxf6 Nxf6 20. Rac1 Ne4 21. Nd3 Kf8 22. g3 Rc7 23. Kg2 Bxd4 24.
Nxd4 Nc5 25. Nf4 g5 26.
Rxe8+ Kxe8 27. Nfe2 Nd3 28. Rc2 Ne1+ 29. Kf1 Nxc2 30. Nxc2 Ba6 31. Ncd4 Re7 32.
Ke1 Bxe2 33. Nxe2 f5 34.
Kd2 Kd7 35. Nd4 Rf7 36. Kd3 f4 37.
g4 h5 38. Nb5 hxg4 39. hxg4 a6 40. Nd4 Rh7 41. b3 b5 42. a3 Rh3+ 43. f3 Rh2 44. a4 bxa4 45. bxa4 Ra2 46. Nb3 Kd6 47. a5 Ra3 48. Nd4 Rxa5 49. Nf5+ Kc5 50. Nh6 Ra1 51. Nf7 Rf1 52. Nxg5 Rxf3+ 53. Nxf3 a5 54. Kc2 a4 55. g5 Kd6 56. Kb2 Ke6 57. Ka3 Kf5 58. Kxa4 Ke4 59.
g6 Kxf3 60. g7 Ke2 61. g8=Q f3 62. Qxd5 f2 63. Qc4+ Ke1 64. Qf4 f1=Q 65. Qxf1+ Kxf1 66. c4 1-0

[Event "MČR juniorů a juniorek v rapid šachu 2023"]
[Site "Czech Republic"]
[Date "2023.09.24"]
[Round "7.12"]
[White "Svacina, Tobias"]
[Black "Martinkovic, Adam"]
[Result "1-0"]
[TimeControl "20 min + 5 sec per move"]
[WhiteFideId "385859"]
[BlackFideId "23728019"]
[WhiteElo "1782"]
[BlackElo "1807"]

1. e4 c6 2. d3 d5 3. Nd2 dxe4 4. Nxe4 Bf5 5. Qf3 e6 6.
Bf4 Nf6 7. h3 Nd5 8. Bh2 Be7 9. a3 Na6 10. Ne2 Nac7 11. Qg3 Rc8 12. Qxg7 Rf8 13. Be5 Bxe4 14. dxe4 Nf6 15. Rd1 Ncd5 16.
exd5 cxd5 17. Nc3 Rg8 18.
Bb5+ Rc6 19. Qh6 Rg6 20. Qe3 Bd6 21. Bxd6 Qxd6 22. g3 Nd7 23. Ne4 Qc7 24. Bxc6 bxc6 25. Nc5 Nf6 26. O-O Kf8 27.
Kh2 Kg8 28. Nd3 Ne4 29. Qf4 Qe7 30. Ne5 Rg7 31. Nxc6 Qb7 32. Qb8+ Qxb8 33. Nxb8 f6 34. Nc6 Rb7 35. b3 Kf7 1-0

[Event "MČR juniorů a juniorek v rapid šachu 2023"]
[Site "Czech Republic"]
[Date "2023.09.24"]
[Round "7.13"]
[White "Husa, Daniel"]
[Black "Garabik, Marek"]
[Result "0-1"]
[TimeControl "20 min + 5 sec per move"]
[WhiteFideId "393487"]
[BlackFideId "23717742"]
[WhiteElo "1760"]
[BlackElo "1787"]

1. d4 d5 2. c4 e6 3.
Nf3 Nf6 4. g3 Bb4+ 5. Bd2 Be7 6. Bg2 O-O 7. O-O Nbd7 8. Qc2 Ne4 9. Bf4 c6 10. Nbd2 f5 11. Ne5 g5 12. Nxd7 Qxd7 13.
Be5 b6 14. Nxe4 fxe4 15. f3 exf3 16. Rxf3 Rxf3 17. Bxf3 Ba6 18. b3 Rf8 19. Rc1 Bb7 20. Kg2 Bd6 21. Bxd6 Qxd6 22. e4 dxc4 23.
Qxc4 c5 24. Rd1 g4 25. Bxg4 Bxe4+ 26. Kg1 Bd5 27. dxc5 Qxc5+ 28. Qxc5 bxc5 29. Rc1 Rc8 30. Kf2 Kf7 31. Ke3 Ke7 32. Rd1 Rf8 33. Rc1 Kd6 34.
Rc2 Rf1 35. Rf2 Re1+ 36. Kd3 Be4+ 37. Kc3 Re3+ 38. Kb2 Kd5 39. Rf7 Rd3 40. Rd7+ Ke5 41. Rxd3 Bxd3 42. Kc3 Be4 43. Kc4 Kd6 44. Kb5 Bd3+ 45. Ka4 e5 46. b4 e4 47. bxc5+ Kxc5 48. Kb3 Kd4 49.
Bf5 e3 50. Bg4 e2 51. Bxe2 Bxe2 0-1

[Event "MČR juniorů a juniorek v rapid šachu 2023"]
[Site "Czech Republic"]
[Date "2023.09.24"]
[Round "7.14"]
[White "Zadrapova, Amalie"]
[Black "Tegda, Vojtech"]
[Result "1-0"]
[TimeControl "20 min + 5 sec per move"]
[WhiteFideId "23710276"]
[BlackFideId "23723424"]
[WhiteElo "1590"]
[BlackElo "1959"]

1. e4 e5 2. Nf3 Nc6 3. Bb5 g6 4. O-O Bg7 5. d3 Nge7 6. c3 O-O 7. Re1 a6 8. Ba4 d5 9. Nbd2 b5 10. Bc2 Bb7 11. Qe2 Qd6 12.
Nf1 Rae8 13. Bg5 f5 14. exf5 gxf5 15. a4 Ng6 16. Qd2 e4 17. dxe4 fxe4 18. Nd4 Nge5 19. Bh4 Nc4 20. Qc1 Nxd4 21.
cxd4 Bxd4 22. Rb1 Qg6 23. b3 Nd6 24. Ne3 Nf5 25. Nxf5 Qxf5 26. Rf1 Bg7 27. axb5 axb5 28. b4 Qf4 29. Qxf4 Rxf4 30. Bg3 Rf7 31.
Bb3 c6 32. Rbc1 Rd7 33. Rfe1 Kh8 34. Bc2 Bc3 35. Re2 Bxb4 36. f3 Bc5+ 37. Kf1 e3 38. Bxh7 Bb6 39. Bf5 Rdd8 40. Bh4 Ra8 41. Bd7 Rg8 42. Bxc6 Bxc6 43. Rxc6 Ra1+ 44.
Re1 Rxe1+ 45. Bxe1 Ba7 46. Bc3+ Kh7 47. Rc7+ Kg6 48. Rxa7 Rd8 49. Ra6+ Kf7 50. Rf6+ Ke7 51. Rf4 Ke6 52. Ke2 b4 53. Rxb4 Rc8 54. Rb3 1-0